Workbook

Sheet 汇总
A1: 项目报价确认单（预算） Project Quotation Confirmation(Budget)
A2: 区域 Region： | B2: 西区 RSD6
A3: 代理公司名称Agency： | B3: 陕西泛亚广告有限责任公司 Shaanxi Fanya Advertising Co. Ltd
A4: 项目名称 Project name： | B4: A-2017年-甘宁青团购会6月17日-24日 A-2017-Group-Buying-Lanzhou/Ningxia/Qinghai Jun. 17th -Jun.24th
A6: A) Sum 汇总 | B6: Description项目描述 | C6: 预算报价
A7: a.场地费、酒店、会议室等 Venue rental | C7: =分项!H8 -> 0
A8: b.第三方制作物、车辆、其他杂费 Third party made products, vehicles, other charges | C8: =分项!H42 -> 20560
A9: c.第三方人员 Third party personnel | C9: =分项!H65 -> 5000
A10: e.AV设备、对讲机、电视租赁 Rent of AV equipments, interphone and TV | C10: =[1]分项!G68 -> 0
A11: f.媒体购买 Media purchasing | C11: =[1]分项!G74 -> 0
A12: g.名人邀请 Celebrity inviting | C12: =[1]分项!G80 -> 0
A13: d.工时、差旅费 Working hours expense and travel expense | C13: =分项!H95 -> 0
A14: 立项单金额：合计 total（不含增值税 without tax） | C14: =SUM(C7:C13) -> 25560
A15: B)增值税金 Value-added tax | B15: 0.06 | C15: =C14*0.06 -> 1533.6
A16: 项目含税金额total amount | C16: =C14+C15 -> 27093.6
A19: 提交方 Submitted party： | B19: 陕西泛亚广告有限责任公司
A20: 签字（盖章）Signature(stamp)：
A21: 日期Date： | B21: =分项!#REF! -> #REF!

Sheet 分项
A1: 驭享周末 极致驾控之旅兰州站活动报价单
B2: 活动地点 | C2: 兰州天逸汽车城
B3: 活动时间 | C3: 43372
A4: a.场地费、
A5: 序号 | B5: 项目名称 Item | C5: 项目描述Description | D5: 数量 Quantity | E5: 单位 Unit | F5: 周期 | G5: 单价 Unit Price | H5: 总价 Total Price
A6: 1 | B6: 场地租赁费 | C6: 天逸汽车城试驾场 | D6: 1 | E6: 天 day | F6: 1 | H6: =G6*D6*F6 -> 0
A7: 2 | B7: 卡丁车体验 | C7: 100人卡丁车体验 | D7: 100 | E7: 人 person | F7: 1 | H7: =G7*D7*F7 -> 0
D8: 合计total： | H8: =SUM(H6:H7) -> 0
B9: 税款 | D9: 0.12 | H9: =H8*D9 -> 0
D10: 总计total： | H10: =H9+H8 -> 0
A11: b.签到区
A12: 1 | B12: 签到背景板 | C12: 木质结构（3.8X2.4X0.5）写真画面 | D12: 10 | E12: 平 ㎡ | F12: 1 | H12: =D12*F12*G12 -> 0
A13: 2 | B13: 签到桌 | C13: 奥迪元素实木签到桌 | D13: 1 | E13: 个 | F13: 1 | H13: 1000
A14: 3 | B14: 签到花 | C14: 奥迪要求签到台花（要求2组，每组2个） | D14: 4 | E14: 个 | F14: 1 | H14: 800
D15: 合计total： | H15: =SUM(H12:H14) -> 1800
B16: 税款 | D16: 0 | H16: =H15*D16 -> 0
D17: 总计total： | H17: =H16+H15 -> 1800
A18: c.展车区
A19: 1 | B19: 车展常用车辆说明牌 | C19: 经销商提供
A20: 2 | B20: 易拉宝 | C20: 铝合金+喷绘，1.0×2.0米，高精写真技术,铝合金架体,国产优质高光相纸，用于经销商分区 | D20: 2 | E20: 个 item | F20: 1 | H20: =D20*F20*G20 -> 0
D21: 合计total： | H21: =SUM(H18:H20) -> 0
B22: 税款 | D22: 0 | H22: =H21*D22 -> 0
D23: 总计total： | H23: =H22+H21 -> 0
A24: d.茶歇区
A25: 1 | B25: 精美茶歇 | C25: 奥迪活动要求茶歇 | D25: 100 | E25: 人 | F25: 1 | H25: 5000
A26: 2 | B26: 茶歇花 | C26: 奥迪要求茶歇台花（要求2组，每组2个）茶歇提供 | D26: 4 | E26: 个 | F26: 1
A27: 3 | B27: 茶歇餐具 | D27: 100 | E27: 套 | F27: 1 | H27: 500
A28: 4 | B28: 茶歇去分区展板 | C28: 区域标识，丽萍展架 | D28: 1 | E28: 个 | F28: 1 | H28: 300
D29: 合计total： | H29: =SUM(H25:H28) -> 5800
B30: 税款 | D30: 0.12 | H30: =H29*D30 -> 696
D31: 总计total： | H31: =H30+H29 -> 6496
A32: e.活动区
A33: 1 | B33: LED大屏 | C33: P3全彩LED大屏（6X3.5） | D33: 21 | E33: 平方米 | F33: 1 | H33: 4620
A34: 2 | B34: 活动区展棚 | C34: 桁架，喷绘包边（10x15) | D34: 150 | E34: 平方米 | F34: 1 | H34: 10000
A35: 3 | B35: 舞台 | C35: 雷亚架全钢木质台面（6X3.6) | D35: 21.5 | E35: 平方米 | F35: 1 | H35: 1080
A36: 4 | B36: 舞台地毯 | C36: 奥迪活动要求地毯灰色圈绒地毯 | D36: 30 | E36: 平方米 | F36: 1 | H36: 1500
A37: 5 | B37: 音响 Audio | C37: 租赁，用于主持人，乐队表演，音响租赁（带2个无线话筒） | D37: 1 | E37: 套 | F37: 1 | H37: =D37*F37*G37 -> 0
A38: 6 | B38: LED帕灯 | C38: 12组暖场染色灯 | D38: 12 | E38: 盏 | F38: 1 | H38: 960
A39: 7 | B39: 方形皮凳 | C39: 活动区客户入座 | D39: 60 | E39: 个 | F39: 1 | H39: 2400
D40: 合计total： | H40: =SUM(H33:H39) -> 20560
B41: 税款 | D41: 0 | H41: =H40*D41 -> 0
D42: 总计total： | H42: =H41+H40 -> 20560
A43: F.洽谈区
B44: 洽谈区背景 | C44: 桁架宝丽布（2.4x3.6) | D44: 9 | E44: 平方米 | F44: 1 | H44: 450
B45: 吧桌吧椅 | C45: 白色吧桌吧椅（25个吧桌，100个吧椅） | D45: 25 | E45: 套 | F45: 1 | H45: 4000
B46: 洽谈区鲜花 | C46: 奥迪要求洽谈区台花（要求2组，每组2个） | D46: 4 | E46: 个 | F46: 1 | H46: 800
D47: 合计total： | H47: =SUM(H44:H46) -> 5250
B48: 税款 | D48: 0 | H48: =H47*D48 -> 0
D49: 总计total： | H49: =H48+H47 -> 5250
A50: E.礼品
C51: 奥迪要求 | D51: 100 | E51: 个 | F51: 1 | H51: 5000
D52: 合计total： | H52: =SUM(H51) -> 5000
B53: 税款 | D53: 0.12 | H53: =H52*D53 -> 600
D54: 总计total： | H54: =H53+H52 -> 5600
A55: c.第三方人员及其它
A56: 1 | B56: 主持人 | C56: 专业活动主持人，现场互动能力强 | D56: 1 | E56: 人 | F56: 1 | H56: =D56*F56*G56 -> 0
A57: 2 | B57: 乐队 | C57: 专业乐队 | D57: 4 | E57: 人 | F57: 1 | H57: =D57*F57*G57 -> 0
A58: 3 | B58: 礼仪 | C58: 身材匀称,形象气质佳，接待及引领 | D58: 6 | E58: 人 | F58: 1 | H58: =D58*F58*G58 -> 0
A59: 4 | B59: 安保 | C59: 用于现场秩序维护 | D59: 1 | E59: 人 | F59: 1 | H59: =D59*F59*G59 -> 0
A60: 5 | B60: 兼职 | C60: 用于活动现场维护及搬用活动设备物料 | D60: 6 | E60: 人 | F60: 1 | H60: 900
A61: 6 | B61: 活动手环 | C61: 4色定制奥迪PVC手环，用于现场客户参与活动使用 | D61: 100 | E61: 个 | F61: 1 | H61: 500
A62: 7 | B62: 接送大巴车 | C62: 进口33座旅游大巴车 | D62: 3 | E62: 台 | F62: 1 | H62: 3600
D63: 合计total： | H63: =SUM(H56:H62) -> 5000
B64: 税款 | D64: 0 | H64: =H63*D64 -> 0
D65: 总计total： | H65: =H64+H63 -> 5000
B66: e.AV设备、对讲机、电视租赁 Rent of AV equipments, interphone and TV
H68: 0
D69: 合计Total： | H69: =SUM(H67:H68) -> 0
B70: 佣金
B71: 佣金 | C71: 根据年度协议签订比例填写佣金百分比 | D71: 0.03 | H71: =H69*D71 -> 0
D72: 总计Total： | H72: =H69+H71 -> 0
B73: f. 媒体购买（附排期表）Media purchase (inc. media schedule)
D75: 合计Total： | H75: =SUM(H74:H74) -> 0
B76: 佣金
B77: 佣金 | C77: 根据年度协议签订比例填写佣金百分比 | D77: 0.03 | H77: =H75*D77 -> 0
D78: 总计Total： | H78: =H72 -> 0
B79: g.名人邀请 Celebrity inviting
D81: 合计Total： | H81: 0
B82: 佣金
B83: 佣金 | C83: 根据年度协议签订比例填写佣金百分比 | D83: 0.03 | H83: =H81*D83 -> 0
D84: 总计Total： | H84: =SUM(H81:H83) -> 0
A85: d.工时、差旅费Working hours expense and travel expense
B86: 项目经理 Manager | C86: 项目统筹，前期筹备以及活动执行 ，共四站 4 stops in total, for project arrangement, pre-preparation and execution | D86: 1 | E86: 人 person | F86: 6 | G86: 0 | H86: =D86*F86*G86 -> 0
B87: 项目执行人员 Executive | C87: 工作人员活动督导，前期筹备以及活动执行，共四站 Workers supervise the activity , also 4 stops in total | D87: 3 | E87: 人 person | F87: 6 | G87: 0 | H87: =D87*F87*G87 -> 0
E88: 人 person | G88: 合计Total： | H88: =SUM(H86:H87) -> 0
A89: 37 | B89: 执行人员差旅 Staff travel expense | C89: 省际交通费，3站平均 Inter provincial transport fares, Three stations average | D89: 4 | E89: 人/天 person /day | F89: 2 | G89: 0 | H89: =G89*F89*D89 -> 0
A90: 38 | B90: 执行人员市内交通 City traffic | C90: 提前3天启动会及准备工作，活动执行1天，共计4天 Start the meeting 3 days ahead of schedule and prepare for the event. It will take 1 days, totaling 4 days | D90: 4 | E90: 人/天 person /day | F90: 4 | G90: 0 | H90: =G90*F90*D90 -> 0
A91: 39 | B91: 执行人员餐饮 Staff dinner | C91: 提前3天启动会及准备工作，活动执行1天，共计4天 Start the meeting 3 days ahead of schedule and prepare for the event. It will take 1 days, totaling 4 days | D91: 4 | E91: 人/天 person /day | F91: 4 | G91: 0 | H91: =G91*F91*D91 -> 0
A92: 40 | B92: 执行人员住宿 staff accommodation | C92: 提前3天启动会及准备工作，活动执行1天，共计4天 Start the meeting 3 days ahead of schedule and prepare for the event. It will take 1 days, totaling 4 days | D92: 4 | E92: 人/天 person /day | F92: 4 | G92: 0 | H92: =G92*F92*D92 -> 0
A93: 41 | B93: 通讯费communication fee | C93: 提前3天启动会及准备工作，活动执行1天，共计4天 Start the meeting 3 days ahead of schedule and prepare for the event. It will take 1 days, totaling 4 days | D93: 4 | E93: 人/天 person /day | F93: 4 | G93: 0 | H93: =G93*F93*D93 -> 0
D94: 合计total： | H94: =SUM(H89:H93) -> 0
D95: 总计total： | H95: =H88+H94 -> 0
A96: 总计金额： | H96: =H65+H42+H54+H49+H31+H23+H17+H10 -> 44706
